 Dungeon Crawl Stone Soup version 0.31.0-12-g77e489cdc1 (webtiles) character file.

Game seed: 13897156270814242177

532 Killerpretzel the Changeling (level 7, -7/46 HPs)
             Began as an Octopode Shapeshifter on Mar 6, 2024.
             Engulfed by a cloud of steam (9 damage)
             ... on level 4 of the Dungeon.
             The game lasted 00:03:56 (2540 turns).

Killerpretzel the Changeling (OpSh)                 Turns: 2540, Time: 00:03:57

Health: -7/46      AC:  1    Str: 13    XL:     7   Next: 24%
Magic:  7/7        EV: 19    Int: 12    God:
Gold:   206        SH:  0    Dex: 14    Spells: 6/6 levels left

rFire   . .          .
                       - Unarmed
rCold   . . .        (no shield)
rNeg    . . .        (helmet currently unavailable)
rPois   .            (no amulet)
rElec   .            k - +5 ring of evasion
rCorr   .            (no ring)
SInv    .            (no ring)
Will    .....        (no ring)
Stlth   +++          (no ring)
HPRegen 0.27/turn    (no ring)
MPRegen 0.10/turn    (no ring)
                     (no ring)

%: no passive effects
@: beast-form
A: beast (slay +2), almost no armour, amphibious, 8 rings, camouflage 1,
gelatinous body 1, nimble swimmer 1, tentacles
a: Begin Untransformation


You were on level 4 of the Dungeon.
You were a hulking beast.
You visited 1 branch of the dungeon, and saw 4 of its levels.

You collected 206 gold pieces.

Inventory:

Jewellery
 k - a +5 ring of evasion (left tentacle)
Talismans
 b - a beast talisman
 c - a flux talisman
Wands
 e - a wand of polymorph (10)
Scrolls
 d - a scroll of immolation
 g - 2 scrolls of teleportation
 h - 3 scrolls of revelation
 j - 4 scrolls of identify
 n - a scroll of fog {unknown}
Potions
 a - 3 potions of lignification
 f - a potion of haste
 i - a potion of might {unknown}
 l - a potion of mutation {unknown}
 m - a potion of curing


   Skills:
 + Level 3.3 Fighting
 + Level 3.7 Dodging
 + Level 4.4 Unarmed Combat
 * Level 5.2 Shapeshifting


You had 6 spell levels left.
You didn't know any spells.
Your spell library contained the following spells:

 Spells                   Type           Power      Damage    Failure   Level
 Stone Arrow              Conj/Erth      0%         3d7       69%         3
 Lehudib's Crystal Spear  Conj/Erth      0%         10d2      100%        8
 Animate Armour           Summ/Erth      Unusable   N/A       N/A         4

Dungeon Overview and Level Annotations

Branches:
Dungeon (4/15)
 Temple: D:4-7

Altars:


Innate Abilities, Weirdness & Mutations

You are a hulking beast.
Your limbs bulge with bestial killing power. (Slay +2)
You cannot wear most types of armour.
You are amphibious.
You can wear up to eight rings at the same time.
Your skin changes colour to match your surroundings (Stealth+).
Your rubbery body absorbs attacks. (AC +1, EV +1)
You are camouflaged when in or above water. (Stealth+)
You have tentacles for arms and can constrict up to eight enemies at once.


Message History

Blork the orc hits the plant with a +0 mace!
The plant begins to die.
Blork the orc splashes around in the water.
The hound splashes around in the water.
The ribbon worm expels a string of sticky webbing.
The stream of webbing hits you but does no damage.
You are caught in a web!
Blork the orc hits you with a +0 mace. The hound bites you.
Blork the orc hits you with a +0 mace. The hound bites you but does no damage.
You tentacle-slap Blork the orc. You grab Blork the orc.
Blork the orc is lightly wounded.
You constrict Blork the orc.
Blork the orc gestures at you while chanting.
The puff of frost misses you.
The hound splashes around in the water.
Blork the orc casts a spell at you. The puff of flame hits you!
You bludgeon Blork the orc! You squeeze Blork the orc!
Blork the orc is severely wounded.
You are engulfed in a cloud of scalding steam.
You constrict Blork the orc. The hound bites you.
Blork the orc screams, "Die!"
Blork the orc points at you and mumbles some strange words.
The magic dart hits you!
* * * LOW HITPOINT WARNING * * *
The hound barely misses you.
You bludgeon Blork the orc!
You kill Blork the orc!
You hear a splash. x2
You are engulfed in a cloud of scalding steam.
* * * LOW HITPOINT WARNING * * *
A nearby plant withers and dies.
An orc priest comes into view. It is wielding a +0 whip.
The hound completely misses you.
An orc comes into view. It is wielding a +0 flail.
A hound comes into view.
The orc priest shouts!
The orc shouts!
The hound barks!
You tentacle-slap the hound.
You kill the hound!
You are engulfed in a cloud of scalding steam.
You die...

...#...~.~≈≈≈≈≈ #.. ..
#...~~.P≈≈≈≈# #.# ..?
##.~.~.P≈≈≈### #.#
...##..~~~≈≈≈~...## #.#
h.....~.~≈≈~~~~...# #..
#.....P~≈~~~.....####.#
#..~.)~≈≈†....#...#....
#..~~w†≈≈P!...#...#.###
.#...~≈h≈~~~.#.#...####
....~~≈≈≈~~~...#...†..#
#....≈≈≈≈~~..#.####.#.##
#....o≈≈~~~.##.# #.#...
#...~≈≈≈~.~.##...##.####
#..~~≈≈≈~~..........###
#...~≈≈~~P.#.####.....##
#..~o≈~~o~.#.# #####...
#...~~~P...# # ###.


You could see a ribbon worm (catching breath), a hound, an orc priest and 2
orcs.

Vanquished Creatures
  Edmund (D:4)
  Blork the orc (D:4)
  2 bombardier beetles
  A jelly (D:4)
  2 hounds (D:4)
  A sleepcap (D:4)
  Natasha (thrice) (D:2)
  Robin (D:2)
  An adder (D:2)
  A dart slug (D:1)
  8 orcs (D:3)
  5 bats
  7 endoplasms
  4 giant cockroaches
  15 goblins
  11 hobgoblins
  2 jackals (D:4)
  6 quokkas
  6 ball pythons
  A frilled lizard (D:1)
  6 kobolds
  4 rats
89 creatures vanquished.

Notes
Turn   | Place    | Note
-------+----------+-------------------------------------------
     0 | D:1      | Killerpretzel the Octopode Shapeshifter began the quest for
                  | the Orb.
     0 | D:1      | Reached XP level 1. HP: 13/13 MP: 1/1
   199 | D:1      | Reached XP level 2. HP: 18/18 MP: 2/2
   599 | D:2      | Reached XP level 3. HP: 23/23 MP: 3/3
   739 | D:2      | Found a faded altar of an unknown god.
  1020 | D:2      | Noticed Natasha
  1024 | D:2      | Killed Natasha
  1025 | D:2      | Reached XP level 4. HP: 29/29 MP: 4/4
  1062 | D:2      | Noticed Natasha
  1113 | D:2      | Killed Natasha
  1206 | D:2      | Noticed Natasha
  1209 | D:2      | Killed Natasha
  1210 | D:2      | Reached skill level 4 in Shapeshifting
  1210 | D:2      | Reached XP level 5. HP: 25/34 MP: 5/5
  1358 | D:2      | Noticed Robin
  1389 | D:2      | Killed Robin
  2262 | D:4      | Noticed Edmund
  2266 | D:4      | Reached XP level 6. HP: 38/41 MP: 6/6
  2273 | D:4      | Killed Edmund
  2384 | D:4      | Reached skill level 5 in Shapeshifting
  2520 | D:4      | Reached XP level 7. HP: 42/46 MP: 7/7
  2523 | D:4      | Noticed Blork the orc
  2539 | D:4      | Killed Blork the orc
  2539 | D:4      | HP: 2/46 [something (7)]
  2540 | D:4      | Engulfed by a cloud of steam

Illustrated notes

Levels and vault maps discovered:
D:1:      scummos_arrival_simple_crosswalls, layout_rooms,
          roderic_roman_lattice, fountainhead, hex_tiny,
          hangedman_decor_clover_reticule
D:2:      minmay_wonky_spiral, layout_loops_ring, ebering_ecumenical_altar_box,
          chequers_hall_statues_corner_a, uniq_natasha, uniq_crazy_yiuf_cottage,
          uniq_robin
D:3:      layout_basic, dreamdust_wishing_well, supply_closet_lemuel
D:4:      layout_basic, mainiacjoe_overflow_divided_tiny, chequers_big_river,
          solitary_fountain, uniq_blork_the_orc, uniq_edmund

Skill      XL: |  1  2  3  4  5  6 |
---------------+-------------------+-----
Fighting       | 2 3 |  3.3
Shapeshifting  | 4 5 |  5.2
Dodging        | 3 |  3.7
Unarmed Combat | 4 |  4.4

Action                     |  1- 3 |  4- 6 |  7- 9 || total
---------------------------+-------+-------+-------++-------
  Melee: Unarmed           |    66 |   116 |    13 ||   195
         Constrict         |    18 |    26 |     2 ||    46
         Tentacles         |    16 |    28 |     3 ||    47
         Punch             |     2 |     6 |       ||     8
    Use: Scroll            |     4 |     2 |       ||     6
         Potion            |       |     3 |       ||     3
   Stab: Sleeping          |     7 |     2 |       ||     9
 Armour: Skin              |    24 |    40 |    11 ||    75
  Dodge: Dodged            |    34 |    55 |     9 ||    98
